AoeStats
← Chico_zaldivar

Arabia

510655609Analyzed
2v2 RM · 1d ago on Oct 2, 2026· 36m 56s· 4 players
Game mode
Random Map
Map size
Medium (4 player)
Population
200
Speed
Normal
Resources
Standard
Victory
Conquest
Starting age
Dark Age
Ending age
Imperial Age
RankedLock teamsTeams togetherTeam positionsShared explorationLock speedFull tech treeHidden civsTurbo modeCheats
Victory
Defeat
🇺🇸 Armenians · United States
1068
+16
🇺🇸 Teutons · United States
981
+18
🇨🇱 Dravidians · Chile
1079
-18
🇨🇱 Maya · Chile
1027
-37
Shoehorn Lou
6:57 Loom
9:17 Feudal Age
10:08 Double-Bit Axe
13:47 Wheelbarrow
16:53 Padded Archer Armor
18:07 Gold Mining
18:00 Horse Collar
23:10 Castle Age
21:53 Scale Mail Armor
22:03 Forging
22:42 Man-at-Arms
24:32 Bow Saw
25:12 Gambesons
25:27 Squires
26:12 Heavy Plow
26:04 Gold Mining
26:42 Long Swordsman
27:16 Pikeman
27:30 Two-Handed Swordsman
29:09 Elite Skirmisher
31:19 Leather Archer Armor
30:54 Fletching
31:21 Chain Mail Armor
31:41 Iron Casting
33:01 Arson
33:53 Iron Casting
33:16 Bodkin Arrow
33:40 Stone Mining
36:30 Iron Casting
andrewsnark
5:39 Loom
15:13 Feudal Age
17:20 Double-Bit Axe
17:28 Horse Collar
17:41 Gold Mining
20:51 Castle Age
19:33 Bloodlines
19:52 Scale Barding Armor
20:41 Forging
25:34 Iron Casting
27:47 Man-at-Arms
28:49 Scale Mail Armor
28:55 Long Swordsman
29:21 Gambesons
29:38 Squires
Chico_zaldivar
0:40 Loom
11:45 Feudal Age
15:27 Wheelbarrow
16:23 Double-Bit Axe
19:15 Town Watch
19:42 Horse Collar
24:43 Castle Age
22:40 Fletching
22:52 Padded Archer Armor
25:43 Pikeman
34:34 Hand Cart
Coronel Duyu
5:29 Loom
9:54 Feudal Age
10:28 Double-Bit Axe
13:46 Wheelbarrow
21:56 Castle Age
23:31 Fletching
24:25 Light Cavalry
26:07 Padded Archer Armor
27:38 Forging
28:43 Hand Cart
29:54 Bodkin Arrow
30:14 Leather Archer Armor
31:06 Man-at-Arms
31:44 Gambesons
32:02 Town Watch
32:41 Leather Archer Armor
33:04 Iron Casting
33:45 Long Swordsman
34:29 Squires
34:15 Arson
Connection lost

Rejoining the realm…

Still unreachable

The connection could not be restored.

Session expired

The server has moved on; the page needs a fresh start.